[Event "NOR-chT Eliteserien 2021-22"]
[Site "Norway"]
[Date "2022.03.06"]
[Round "9.27"]
[White "Haug, Johannes"]
[Black "Kvaloy, Aksel Bu"]
[Result "1-0"]
[ECO "D38"]
[WhiteElo "2478"]
[BlackElo "2280"]
[Annotator "ChessBase"]
[PlyCount "82"]
[EventDate "2021.10.29"]
[EventType "team-tourn"]
[EventCountry "NOR"]
[SourceTitle "playchess.com"]
[Source "ChessBase"]
[SourceQuality "1"]
[TimeControl "40/5400+30:1800+30"]

1. d4 Nf6 2. c4 e6 3. Nf3 d5 4. Nc3 Bb4 5. Qa4+ Nc6 6. a3 Bxc3+ 7. bxc3 O-O 8. Bg5 h6 9. Bh4 Bd7 10. Qc2 Na5 11. cxd5 exd5 12. e3 c5 13. Ne5 Be6 14. Bd3 Rc8 15. O-O cxd4 16. exd4 Qc7 17. Rac1 Ne4 18. Bxe4 dxe4 19. Qxe4 Nb3 20. Rcd1 Rfe8 21. d5 Bd7 22. d6 Qxc3 23. Be7 Nd2 24. Qe1 Nxf1 25. Qxc3 Rxc3 26. Nxd7 Nd2 27. Ne5 f6 28. d7 Ra8 29. Bb4 Rc2 30. Nf3 Rd8 31. Bxd2 Rxd7 32. Kf1 Ra2 33. Rb1 Rxa3 34. Be3 b6 35. Nd4 Ra2 36. Rc1 Kf7 37. g4 Ra4 38. Rd1 Rb4 39. Ke2 a5 40. Kd3 Rc7 41. f3 Rd7 1-0

[Event "NOR-chT Eliteserien 2021-22"]
[Site "Norway"]
[Date "2022.03.06"]
[Round "9.28"]
[White "Gjestemoen-VonHirsch, Andre"]
[Black "Ranaldi, Lucas"]
[Result "0-1"]
[ECO "B12"]
[WhiteElo "2243"]
[BlackElo "2337"]
[Annotator "ChessBase"]
[PlyCount "80"]
[EventDate "2021.10.29"]
[EventType "team-tourn"]
[EventCountry "NOR"]
[SourceTitle "playchess.com"]
[Source "ChessBase"]
[SourceQuality "1"]
[TimeControl "40/5400+30:1800+30"]

1. e4 c6 2. d4 d5 3. e5 Bf5 4. h4 h5 5. Bd3 Bxd3 6. Qxd3 Qa5+ 7. Bd2 Qa6 8. e6 Qxd3 9. exf7+ Kxf7 10. cxd3 Nd7 11. Nf3 Nh6 12. Nc3 Nf5 13. Ne2 g6 14. Ng3 e6 15. Nxf5 exf5 16. O-O Bd6 17. Rfe1 Rhe8 18. g3 Nf8 19. Kg2 Ne6 20. Re2 Nc7 21. Ng5+ Kf6 22. Rae1 Rxe2 23. Rxe2 Re8 24. Rxe8 Nxe8 25. Kf3 Nc7 26. Bf4 Bxf4 27. Kxf4 Nb5 28. Nf3 a5 29. Ke3 Nc7 30. Ne5 Ne6 31. Nd7+ Ke7 32. Nc5 f4+ 33. gxf4 Ng7 34. Nxb7 Nf5+ 35. Kf3 Nxh4+ 36. Kg3 Nf5+ 37. Kh3 a4 38. Nc5 a3 39. bxa3 Nxd4 40. a4 Kd6 0-1

[Event "NOR-chT Eliteserien 2021-22"]
[Site "Norway"]
[Date "2022.03.06"]
[Round "9.29"]
[White "Gandrud, Vegar Koi"]
[Black "Kizatbay, Abyl"]
[Result "1-0"]
[ECO "D85"]
[WhiteElo "2315"]
[BlackElo "2124"]
[Annotator "NA"]
[PlyCount "87"]
[EventDate "2021.10.29"]
[EventType "team-tourn"]
[EventCountry "NOR"]
[SourceTitle "playchess.com"]
[Source "ChessBase"]
[SourceQuality "1"]
[TimeControl "40/5400+30:1800+30"]

1. d4 Nf6 2. c4 g6 3. Nc3 d5 4. cxd5 Nxd5 5. e4 Nxc3 6. bxc3 Bg7 $14 7. Nf3 c5 8. Be3 O-O 9. Be2 Qa5 10. O-O Nc6 11. d5 Ne5 12. Nxe5 Bxe5 13. Rc1 b6 14. Qb3 Ba6 15. c4 Rab8 16. Rfd1 b5 17. Bxc5 bxc4 18. Qa3 Qxa3 19. Bxa3 Bb2 20. Bxb2 Rxb2 21. Bxc4 Bxc4 22. Rxc4 Rxa2 23. Rb1 Kg7 24. g3 Kf6 25. Rb7 a5 26. Rcc7 e6 27. d6 Rd2 28. f4 e5 29. Re7 exf4 30. gxf4 a4 31. Ra7 a3 32. e5+ Kf5 33. Rxa3 Rb8 34. Rxf7+ Ke4 35. Ra4+ Kf3 36. Ra3+ Ke4 37. Ra1 Rbb2 38. Rxh7 Kxf4 39. Re1 Rg2+ 40. Kh1 Rge2 41. Rxe2 Rxe2 42. d7 Rd2 43. e6 Kf5 44. Rh8 1-0

[Event "NOR-chT Eliteserien 2021-22"]
[Site "Norway"]
[Date "2022.03.06"]
[Round "9.30"]
[White "Fossan, Aleksander"]
[Black "Nilssen, Ellen Fredericia"]
[Result "0-1"]
[ECO "B22"]
[WhiteElo "2128"]
[BlackElo "2110"]
[Annotator "ChessBase"]
[PlyCount "82"]
[EventDate "2021.10.29"]
[EventType "team-tourn"]
[EventCountry "NOR"]
[SourceTitle "playchess.com"]
[Source "ChessBase"]
[SourceQuality "1"]
[TimeControl "40/5400+30:1800+30"]

1. e4 c5 2. c3 Nf6 3. e5 Nd5 4. d4 cxd4 5. Nf3 Nc6 6. Bc4 Nb6 7. Bb3 d6 8. exd6 Qxd6 9. O-O Be6 10. Na3 dxc3 11. Qe2 Bxb3 12. Nb5 Qb8 13. axb3 g6 14. Rd1 Bg7 15. Nd6+ Kf8 16. Ne4 cxb2 17. Bxb2 Bxb2 18. Qxb2 Kg8 19. h4 Qf4 20. Nc5 Qf6 21. Qxf6 exf6 22. Nxb7 Kg7 23. Na5 Rhc8 24. Rd6 Nb4 25. Nd4 Nc2 26. Nxc2 Rxc2 27. Re1 Rac8 28. g3 R8c5 29. Nb7 Rf5 30. Rf1 Rb2 31. Rd3 Rb5 32. Nd6 R5xb3 33. Rxb3 Rxb3 34. Ra1 Rd3 35. Nb5 Rd7 36. Rxa7 Rxa7 37. Nxa7 f5 38. Kg2 Nd5 39. Nc6 f6 40. Nd4 Kf7 41. h5 Ke7 0-1